 Dungeon Crawl Stone Soup version 0.30.0-16-gbe6223bb7e (webtiles) character file.

Game seed: 18143603319551682553

1457 Cheops the Basher (level 8, -6/61 (64) HPs)
             Began as a Minotaur Fighter on May 20, 2023.
             Was a Priest of Ru.
             Mangled by an orc warrior
             ... wielding a +0 trident
              (10 damage)
             ... on level 6 of the Dungeon.
             The game lasted 00:12:37 (5583 turns).

Cheops the Basher (Minotaur Fighter)                Turns: 5583, Time: 00:12:38

HP:   -6/61 (64)    AC:  9    Str: 32    XL:     8   Next: 47%
MP:   8/8           EV: 10    Int: 14    God:    Ru [***...]
Gold: 279           SH:  0    Dex: 11    Spells: 7/9 levels left

rFire   . . .        a - +0 flail
rCold   . . .        (shield unavailable)
rNeg    . . .        w - +3 ring mail "Xoasuhe" {Drain Str+4 Int+9}
rPois   .            (helmet restricted)
rElec   .            (no cloak)
rCorr   .            y - +0 pair of gloves
SInv    .            (no boots)
Will    .....        h - amulet of the acrobat
Stlth   +            (ring unavailable)
HPRegen 0.30/turn    e - +6 ring of strength
MPRegen 0.11/turn

%: acrobat
@: lightly drained
A: horns 2, missing a hand, retaliatory headbutt
a: Renounce Religion, Draw Out Power


You were on level 6 of the Dungeon.
You worshipped Ru.
Ru was most pleased with you.
You visited 2 branches of the dungeon, and saw 7 of its levels.

You collected 279 gold pieces.

Inventory:

Hand Weapons
 a - a +0 flail (weapon)
Missiles
 x - a throwing net (quivered)
Armour
 b - a +0 scale mail
 c - a +0 buckler
 w - the +3 ring mail "Xoasuhe" (worn) {Drain Str+4 Int+9}
   (You found it on level 5 of the Dungeon)

   Str:       It affects your strength (+4).
   Int:       It affects your intelligence (+9).
   Drain:     It drains your maximum health when unequipped.
 y - a +0 pair of gloves (worn)
Magical Staves
 v - a staff of cold
Jewellery
 e - a +6 ring of strength (right hand)
 h - an amulet of the acrobat (around neck)
 j - a +6 ring of intelligence
 s - an amulet of guardian spirit
 D - a ring of see invisible
Wands
 m - a wand of iceblast (7)
Scrolls
 g - 2 scrolls of fog {unknown}
 k - a scroll of butterflies {unknown}
 l - 2 scrolls of silence {unknown}
 n - 2 scrolls of blinking {unknown}
 p - 2 scrolls of teleportation {unknown}
 q - 2 scrolls of vulnerability {unknown}
 r - 2 scrolls of magic mapping {unknown}
 u - 2 scrolls of enchant armour {unknown}
 A - 2 scrolls of amnesia
 B - 5 scrolls of immolation
Potions
 d - 2 potions of might
 f - 2 potions of degeneration {unknown}
 i - 4 potions of curing {unknown}
 o - a potion of invisibility
 t - 3 potions of ambrosia {unknown}
 z - 4 potions of berserk rage {unknown}
 C - 2 potions of flight


   Skills:
 - Level 3.6 Fighting
 - Level 12.0 Maces & Flails
 - Level 3.6 Armour
 - Level 1.0 Spellcasting
 + Level 2.3 Transmutations


You had 7 spell levels left.
You knew the following spells:

 Your Spells              Type           Power      Damage    Failure   Level
a - Wereblood             Tmut           7%         N/A       21%         2

Your spell library contained the following spells:

 Spells                   Type           Power      Damage    Failure   Level
 Beastly Appendage        Tmut           14%        N/A       14%         1
 Apportation              Tloc           0%         N/A       34%         1
 Kiss of Death            Conj/Necr      0%         2d5       34%         1
 Necrotise                Necr           0%         1d4       34%         1
 Summon Small Mammal      Summ           0%         N/A       34%         1
 Lesser Beckoning         Tloc           0%         N/A       47%         2
 Spider Form              Tmut/Pois      4%         N/A       54%         3
 Confusing Touch          Hex            0%         N/A       71%         3
 Gell's Gravitas          Tloc           0%         N/A       71%         3
 Teleport Other           Tloc           0%         N/A       71%         3
 Dispel Undead            Necr           0%         3d6       98%         4


Dungeon Overview and Level Annotations

Branches:
Dungeon (6/15)             Temple (1/1) D:4

Altars:
Ashenzari
Cheibriados
Dithmenos
Elyvilon
Fedhas
Hepliaklqana
Kikubaaqudgha
Makhleb
Okawaru
Qazlal
Ru
Sif Muna
Trog
Vehumet
Wu Jian
Xom
Yredelemnul
The Shining One


Innate Abilities, Weirdness & Mutations

You have a pair of horns on your head.
You are missing a hand.
You reflexively headbutt those who attack you in melee.


Message History

The wight hits you with a +1 heavy scimitar!
* * * LOW HITPOINT WARNING * * *
You feel drained.
* * * LOW HITPOINT WARNING * * *
You hit the wight but do no damage. You headbutt the wight.
The wight is lightly damaged.
The orc warrior hits you but does no damage.
The wight hits you with a +1 heavy scimitar.
* * * LOW HITPOINT WARNING * * *
You feel drained.
* * * LOW HITPOINT WARNING * * *
You sock the wight!
You destroy the wight!
The orc warrior hits you from afar with a +0 trident.
* * * LOW HITPOINT WARNING * * *
A wight comes into view. It is wielding a +4 halberd.
Your Transmutations skill increases to level 2!
Things that are here:
a +1 heavy scimitar; a +0 robe The orc warrior hits you with a +0 trident.
* * * LOW HITPOINT WARNING * * *
The wight unwields a +4 halberd.
The wight wields a +0 shortbow.
The wight shoots an arrow.
The arrow misses you.
You barely miss the orc warrior.
You headbutt the orc warrior, but do no damage.
The orc warrior is almost dead.
The orc warrior hits you with a +0 trident.
* * * LOW HITPOINT WARNING * * *
You hit the orc warrior. Your headbutt misses the orc warrior.
The orc warrior is almost dead.
The wight shoots an arrow.
The arrow barely misses you.
You barely miss the orc warrior.
You headbutt the orc warrior, but do no damage.
The orc warrior is almost dead.
The orc warrior hits you with a +0 trident!
* * * LOW HITPOINT WARNING * * *
You hit the orc warrior but do no damage.
The orc warrior is almost dead.
The orc warrior hits you with a +0 trident!
You die...

#.......#..........
#.......#..........
#.z.....#..........
##'######..........
####......#..........
#.........+..........
#.........#..........
#...))....#..........
##..@.....#..........
######..o.....#..........
#....#........######.....
#....#........# #.....
######+##....#........# #.....
...[...##...##........# #.....
.......##...##........# #.....
............#.........#....#.....
............'.........#....#.....


You could see an orc warrior and a wight.

Vanquished Creatures
  2 water moccasins (D:5)
  3 phantoms
  2 scorpions (D:5)
  2 wights (D:6)
  A jelly (D:6)
  3 orc priests
  3 hounds
  5 iguanas
  8 orc wizards
  3 gnolls
  6 adders
  8 river rats (D:5)
  A worm (D:2)
  4 dart slugs
  13 orcs
  10 endoplasms
  A giant cockroach (D:3)
  4 goblins
  4 hobgoblins
  16 quokkas
  7 ball pythons
  7 bats
  7 frilled lizards
  7 kobolds
  24 rats
151 creatures vanquished.

Vanquished Creatures (others)
  A bat (D:2)
1 creature vanquished.

Grand Total: 152 creatures vanquished

Notes
Turn   | Place    | Note
-------+----------+-------------------------------------------
     0 | D:1      | Cheops the Minotaur Fighter began the quest for the Orb.
     0 | D:1      | Reached XP level 1. HP: 19/19 MP: 0/0
    44 | D:1      | Reached skill level 3 in Maces & Flails
   224 | D:1      | Reached XP level 2. HP: 25/26 MP: 1/1
   290 | D:1      | Reached skill level 4 in Maces & Flails
   899 | D:2      | Reached XP level 3. HP: 31/31 MP: 2/2
  1145 | D:2      | Found a faded altar of an unknown god.
  1236 | D:2      | Reached skill level 5 in Maces & Flails
  1642 | D:2      | Reached XP level 4. HP: 24/39 MP: 3/3
  2092 | D:3      | Reached skill level 6 in Maces & Flails
  2200 | D:4      | Noticed a phantom
  2209 | D:4      | Killed a phantom
  2210 | D:4      | Reached XP level 5. HP: 45/45 MP: 4/4
  2227 | D:4      | Reached skill level 7 in Maces & Flails
  2437 | D:4      | Found a staircase to the Ecumenical Temple.
  2445 | D:4      | Reached XP level 6. HP: 50/51 MP: 5/5
  2457 | Temple   | Entered the Ecumenical Temple
  2683 | Temple   | Became a worshipper of Ru the Awakened
  2780 | D:4      | Reached skill level 8 in Maces & Flails
  2847 | D:4      | Found a shimmering altar of Xom.
  2849 | D:4      | Found a shimmering blue altar of Sif Muna.
  2849 | D:4      | Found a stormy altar of Qazlal.
  2865 | D:4      | Found a hazy altar of Hepliaklqana.
  2865 | D:4      | Found a sacrificial altar of Ru.
  2865 | D:4      | Found a bloodstained altar of Trog.
  3244 | D:5      | Entered Level 5 of the Dungeon
  3310 | D:5      | Identified the +3 ring mail "Xoasuhe" {Drain Str+4 Int+9}
  3422 | D:5      | Noticed a water moccasin
  3430 | D:5      | Killed a water moccasin
  3431 | D:5      | Reached skill level 9 in Maces & Flails
  3510 | D:5      | Noticed a water moccasin
  3524 | D:5      | Killed a water moccasin
  3525 | D:5      | Reached XP level 7. HP: 28/57 MP: 6/6
  3737 | D:5      | Found an iron altar of Okawaru.
  3879 | D:5      | Gained mutation: You are missing a hand. [Ru sacrifice]
  3879 | D:5      | Reached * piety under Ru
  3879 | D:5      | Reached ** piety under Ru
  3879 | D:5      | Reached *** piety under Ru
  3916 | D:5      | Reached skill level 10 in Maces & Flails
  4273 | D:5      | Reached skill level 11 in Maces & Flails
  4425 | D:5      | Found a snail-covered altar of Cheibriados.
  4426 | D:5      | Found a glowing golden altar of the Shining One.
  4508 | D:5      | Reached XP level 8. HP: 59/64 MP: 7/7
  4953 | D:5      | Learned a level 2 spell: Wereblood
  5060 | D:6      | Reached skill level 1 in Transmutations
  5203 | D:6      | Reached skill level 12 in Maces & Flails
  5203 | D:6      | Reached skill level 1 in Spellcasting
  5583 | D:6      | Mangled by an orc warrior

Illustrated notes

Levels and vault maps discovered:
D:1:      mrwooster_arrival_statue, layout_rooms, serial_park_tiny_1,
          minmay_indecisive_spiral
D:2:      kennysheep_six_static_rooms, layout_loops_corners,
          basic_ecumenical_altar, minmay_circle_x
D:3:      layout_rooms
D:4:      layout_basic, doesnt_xom_only_xom, minmay_temple_entry_glassed_door
D:5:      lemuel_ratsnest, layout_layer_cave, okawaru_ov_weapons_minmay,
          gammafunk_temple_overflow_statue
D:6:      layout_gridville, serial_shops, shop, hangedman_abyss_or_decor_passed
Temple:   nicolae_temple_figure_eight

Skill      XL: |  1  2  3  4  5  6  7  8 |
---------------+-------------------------+-----
Maces & Flails | 3 4 5 6 7 9 11 12 | 12.0
Shields        | 0 |  0.0
Transmutations | 2 |  2.3
Spellcasting   | 1 |  1.0
Fighting       | |  3.6
Armour         | |  3.6

Action                     |  1- 3 |  4- 6 |  7- 9 || total
---------------------------+-------+-------+-------++-------
  Melee: Flail             |    97 |    93 |   165 ||   355
         Headbutt          |     9 |    20 |    24 ||    53
 Invoke: Sacrifice a Hand  |       |       |     1 ||     1
    Use: Scroll            |       |     4 |     1 ||     5
 Armour: Scale mail        |    38 |    26 |    24 ||    88
         Ring mail         |       |       |     8 ||     8
  Dodge: Dodged            |    46 |    44 |    55 ||   145
  Block: Buckler           |    19 |    15 |     1 ||    35
